 Dungeon Crawl Stone Soup version 0.30-a0-136-gea98e250e0 (webtiles) character file.

Game seed: 2903127105412940650

92 Nedwor the Cutter (level 4, -1/34 HPs)
             Began as a Demonspawn Gladiator on Sept 20, 2022.
             Killed by divine providence
             ... invoked by an orc priest
              (13 damage)
             ... on level 3 of the Dungeon on Sept 21, 2022.
             The game lasted 00:03:26 (2412 turns).

Nedwor the Cutter (Demonspawn Gladiator)            Turns: 2412, Time: 00:03:26

Health: -1/34      AC: 10    Str: 16    XL:     4   Next: 35%
Magic:  4/4        EV:  9    Int:  9    God:
Gold:   132        SH:  0    Dex: 15    Spells: 3/3 levels left

rFire   . . .      SeeInvis .    l - +2 dagger (vorpal)
rCold   . . .      Faith    .    (no shield)
rNeg    . . .      Spirit   .    f - +0 chain mail
rPois   .          Reflect  .    c - +0 helmet
rElec   .          Harm     .    (no cloak)
rCorr   .          Rampage  .    i - +0 pair of gloves
Will    .....                    (no boots)
Stlth   ..........               (no amulet)
HPRegen 0.11/turn                g - ring of flight
MPRegen 0.09/turn                (no ring)

@: weak-willed, flying
A: repulsion field 1
a: no special abilities


You were on level 3 of the Dungeon.
You visited 1 branch of the dungeon, and saw 3 of its levels.

You collected 132 gold pieces.

Inventory:

Hand Weapons
 l - a +2 vorpal dagger (weapon)
Armour
 c - a +0 helmet (worn)
 f - a +0 chain mail (worn)
 i - a +0 pair of gloves (worn)
Jewellery
 d - an amulet of the acrobat
 g - a ring of flight (left hand)
Scrolls
 j - a scroll of blinking
Potions
 a - 2 potions of attraction {unknown}
 e - a potion of haste {unknown}
 k - 4 potions of cancellation


   Skills:
 + Level 2.6 Fighting
 * Level 3.6 Short Blades
 - Level 1.7 Throwing
 + Level 1.3 Armour
 + Level 3.2 Dodging


You had 3 spell levels left.
You didn't know any spells.
Your spell library was empty.

Dungeon Overview and Level Annotations

Branches:
Dungeon (3/15)

Altars:


Innate Abilities, Weirdness & Mutations

You are surrounded by a mild repulsion field. (EV +2)


Message History

The orc priest barely misses you.
The orc priest casts a cantrip, but nothing happens.
You barely miss the orc priest.
The orc priest looks satisfied for a moment.
The orc priest hits you with a +0 club.
You closely miss the orc priest.
The orc priest hits you but does no damage. x2
You closely miss the orc priest.
The orc priest hits you but does no damage. x2
You hit the orc priest.
The orc priest is moderately wounded.
You hit the orc priest.
The orc priest is severely wounded.
The orc priest hits you with a +0 morningstar!
The orc priest hits you but does no damage.
You closely miss the orc priest.
The orc priest is severely wounded.
The orc priest looks satisfied for a moment.
The orc priest hits you but does no damage.
You hit the orc priest but do no damage.
The orc priest is severely wounded.
The orc priest hits you but does no damage.
The orc priest invokes the aid of Beogh against you.
Pain shoots through your body!
You hit the orc priest.
You kill the orc priest!
The orc priest looks braver for a moment.
You have reached level 4!
You feel agile.
You hit the orc priest.
The orc priest is lightly wounded.
You hit the orc priest.
The orc priest is moderately wounded.
The orc priest hits you with a +0 club.
The orc shouts! x2
You hit the orc priest.
The orc priest is heavily wounded.
The orc priest mumbles some strange prayers to Beogh against you.
Beogh smites you!
You die...

. .!.....
..............
........#.....
#####......##....
#..........# #...
#.....=....####..
#####.....#..........
#....o....o.........o
#.).@)....o!........o
#.............##....)
#.........$...##.....
#.............##.....
#..$.)........#######
#......########
########


You could see an orc priest and 2 orcs.

Vanquished Creatures
  An orc priest (D:3)
  An adder (D:3)
  A worm (D:2)
  2 dart slugs
  2 orcs (D:3)
  2 endoplasms (D:1)
  A giant cockroach (D:1)
  6 goblins
  3 hobgoblins
  5 jackals
  2 kobolds
  A ball python (D:1)
  6 bats
  4 frilled lizards
  9 rats
46 creatures vanquished.

Notes
Turn   | Place    | Note
-------+----------+-------------------------------------------
     0 | D:1      | Nedwor the Demonspawn Gladiator began the quest for the
                  | Orb.
     0 | D:1      | Reached XP level 1. HP: 16/16 MP: 1/1
   169 | D:1      | Gained mutation: You are surrounded by a mild repulsion
                  | field. (EV +2) [demonic ancestry]
   169 | D:1      | Reached XP level 2. HP: 10/22 MP: 2/2
   188 | D:1      | Upgraded the game from 0.30-a0-134-gb40fab5c76 to
                  | 0.30-a0-136-gea98e250e0
  1045 | D:2      | Found a faded altar of an unknown god.
  1172 | D:2      | Reached XP level 3. HP: 28/28 MP: 3/3
  1332 | D:2      | Reached skill level 1 in Armour
  2410 | D:3      | Reached XP level 4. HP: 13/34 MP: 4/4
  2412 | D:3      | Killed from afar by an orc priest

Illustrated notes

Levels and vault maps discovered:
D:1:      shiori_arrival_maze, layout_basic
D:2:      layout_basic, hellmonk_ecumenical_altar_dog_temple,
          chequers_serial_rivers_room_b, kennysheep_generic_room_7
D:3:      layout_basic

Skill      XL: |  1  2  3 |
---------------+----------+-----
Short Blades   | 3 |  3.6
Dodging        | 3 |  3.2
Armour         | 1 |  1.3
Fighting       | |  2.6
Throwing       | |  1.7

Action                   |  1- 3 |  4- 6 || total
-------------------------+-------+-------++-------
Melee: Rapier            |    75 |       ||    75
       Punch             |     1 |       ||     1
       Dagger            |    74 |     3 ||    77
  Use: Scroll            |     7 |       ||     7
Armor: Chain mail        |    95 |       ||    95
       Leather armour    |     2 |       ||     2
Dodge: Dodged            |    71 |       ||    71

Table legend: (Time is in decaauts)
 A = Elapsed time spent in this place.
 B = Non-inter-level travel time spent in this place.
 C = Inter-level travel time spent in this place.
 D = Time resting spent in this place.
 E = Time spent auto-exploring this place.
 F = Levels seen in this place.
 G = Mean time per level.
                   A        B        C        D        E       F      G
               +--------+--------+--------+--------+--------+-----+--------+
         Total |   2384 |   2333 |     51 |    226 |   1728 |   3 |  794.7 |
       Dungeon |   2384 |   2333 |     51 |    226 |   1728 |   3 |  794.7 |
               +--------+--------+--------+--------+--------+-----+--------+

Top non-repeatable levels by time:
     D:1: 1043 daAuts
     D:2: 685 daAuts
     D:3: 656 daAuts
